 Dungeon Crawl Stone Soup version 0.17-a0-1769-g54adf96 (webtiles) character file.

777 Psiweapon the Covert (level 8, -1/44 HPs)
             Began as a Kobold Hunter on Sept 7, 2015.
             Splashed by a jelly's acid (4 damage)
             ... on level 5 of the Dungeon.
             The game lasted 00:16:28 (5218 turns).

Psiweapon the Covert (Kobold Hunter)                Turns: 5218, Time: 00:16:28

Health: -1/44      AC: -2    Str: 11    XL:     8   Next: 10%
Magic:  17/17      EV: 15    Int:  9    God:
Gold:   337        SH:  0    Dex: 18    Spells: 0 memorised, 7 levels left

rFire  + . .     SeeInvis .     G - +3 short sword
rCold  . . .     Clarity  .     f - +2 leather armour {rF+}
rNeg   . . .     SustAt   .     (shield restricted)
rPois  .         Gourm    .     (no helmet)
rElec  .         Spirit   .     n - +0 cloak
rCorr  .         Warding  .     (no gloves)
rMut   .         Stasis   .     (no boots)
MR     +....                    (no amulet)
Stlth  ++++......               s - ring of protection from magic
                                z - ring of magical power

@: corroded equipment, somewhat resistant to hostile enchantments, stealthy
A: carnivore 3
a: no special abilities


You were on level 5 of the Dungeon.
You were full.

You visited 1 branch of the dungeon, and saw 5 of its levels.
You also visited: Sewer.

You collected 337 gold pieces.

Inventory:

Hand weapons
 a - a +1 hand crossbow
 c - a +0 short sword
 h - a +2 dagger of venom
 q - a +0 war axe
 t - a +1 hand axe of flaming
 w - a +0 blowgun
 G - a +3 short sword (weapon)
 N - a +0 blowgun
Missiles
 b - 34 bolts
 i - 4 tomahawks (quivered)
 m - 4 curare-tipped needles
 v - 31 poisoned needles
 E - 16 bolts of frost
Armour
 d - a +0 leather armour
 f - a +2 leather armour of fire resistance (worn)
 n - a +0 cloak (worn)
Jewellery
 s - a ring of protection from magic (right hand)
 z - a ring of magical power (left hand)
 H - an uncursed ring of magical power
Magical devices
 u - a wand of slowing (9)
Scrolls
 g - a scroll of fog
 j - 3 scrolls of noise {unknown}
 p - 2 scrolls of amnesia
 y - a scroll of fear {unknown}
 B - 2 scrolls of teleportation {unknown}
 D - a scroll of enchant armour {unknown}
 M - a scroll of remove curse {unknown}
Potions
 k - a potion of degeneration {unknown}
 l - 2 potions of heal wounds {unknown}
 o - a potion of curing
 r - 2 potions of brilliance
 x - a potion of poison
 A - a potion of magic {unknown}
 C - a potion of might {unknown}
 J - a potion of agility {unknown}
 L - a potion of lignification {unknown}
 O - a potion of mutation {unknown}
 P - a potion of flight {unknown}
Books
 K - a book of Transfigurations

   Spells                             Type                      Level
   a - Stoneskin                      Transmutation/Earth          2
   b - Irradiate                      Conjuration/Transmutation    5
   c - Statue Form                    Transmutation/Earth          6
   d - Hydra Form                     Transmutation                6
   e - Dragon Form                    Transmutation                7
 Q - a book of Enchantments

   Spells                             Type                      Level
   a - Cause Fear                     Hexes                        4
   b - Silence                        Hexes/Air                    5
   c - Deflect Missiles               Charms/Air                   6
   d - Haste                          Charms                       6
   e - Discord                        Hexes                        8
Comestibles
 e - 2 meat rations
 F - a royal jelly
 I - 2 slices of pizza


   Skills:
 - Level 2.1 Fighting
 + Level 7.3 Short Blades
 - Level 5.4 Crossbows
 - Level 2.4 Dodging
 + Level 8.4 Stealth


You had 7 spell levels left.
You didn't know any spells.

Dungeon Overview and Level Annotations

Branches:
Dungeon (5/15)
 Temple: D:4-7

Altars:
Ashenzari
Cheibriados
Gozag
Kikubaaqudgha
Makhleb
Nemelex Xobeh
Okawaru
Ru
Trog
Xom
Yredelemnul


Innate Abilities, Weirdness & Mutations

You are small and have problems with some larger weapons.
You are carnivorous and can eat meat at any time.


Message History

You barely miss the jelly.
The jelly is moderately wounded.
The jelly completely misses you.
You hit the jelly.
Your hands burn!
* * * LOW HITPOINT WARNING * * *
The jelly is heavily wounded.
You hit the jelly.
Your hands burn!
* * * LOW HITPOINT WARNING * * *
The jelly is heavily wounded.
The jelly closely misses you.
You hit the jelly.
Your hands burn!
* * * LOW HITPOINT WARNING * * *
The jelly is heavily wounded.
The jelly misses you.
You puncture the jelly!
Your hands burn!
* * * LOW HITPOINT WARNING * * *
The jelly is severely wounded.
The jelly barely misses you.
You hit the jelly. The acid corrodes you!
Your hands burn!
You die...

....###########.....#######....#
#'...##....#..#.....+.....#....#
≈#...##....'..#.....#.....'....#
≈##..##....#..'.....#.....#....#
≈≈#..####.###'#.....#'##..#....#
≈≈#...###.###.##.......####....##
≈##.+...'......#.......# ##+#...
≈#...<..#......+J......# #.....#
'##....##..###.#@......# #.....#
≈≈#.##+##+##..........## #....##
###.....#..'..........# #.####
........+..#..........# ###
........##+#..........######
...............#'##'#......######
....J..........#....#.[....#.....
....#+##.......#....#..<...#.....
##'##..#.......#....)......#.....


You could see a jelly.

Vanquished Creatures
  An ogre (D:4)
  A crocodile (Sewer)
  2 crimson imps (D:5)
  A hound (D:5)
  A jelly (D:5)
  5 orc wizards
  Natasha (thrice) (D:3)
  6 worker ants
  A worker ant zombie (D:5)
  2 adders (D:2)
  A gnoll (D:1)
  A shadow imp (D:5)
  2 oozes
  2 adder skeletons (D:4)
  5 worms
  4 giant geckos
  14 orcs
  7 bats
  5 giant cockroaches
  7 hobgoblins
  16 jackals
  11 kobolds
  A quokka (D:3)
  2 ball pythons (D:3)
  4 giant newts
  6 goblins
  7 rats
118 creatures vanquished.

Notes
Turn   | Place    | Note
--------------------------------------------------------------
     0 | D:1      | Psiweapon the Kobold Hunter began the quest for the Orb.
     0 | D:1      | Reached XP level 1. HP: 12/12 MP: 1/1
   183 | D:1      | Reached skill level 5 in Crossbows
   195 | D:1      | Reached XP level 2. HP: 17/17 MP: 2/2
   383 | D:1      | Reached XP level 3. HP: 18/21 MP: 3/3
   669 | D:1      | Reached skill level 1 in Short Blades
   836 | D:2      | Found a snail-covered altar of Cheibriados.
   837 | D:2      | Found an ancient bone altar of Kikubaaqudgha.
   840 | D:2      | Found a sparkling altar of Nemelex Xobeh.
   841 | D:2      | Found a burning altar of Makhleb.
   844 | D:2      | Found a shattered altar of Ashenzari.
   844 | D:2      | Found a basalt altar of Yredelemnul.
   844 | D:2      | Found an iron altar of Okawaru.
   845 | D:2      | Found an opulent altar of Gozag.
   846 | D:2      | Found a sacrificial altar of Ru.
   852 | D:2      | Reached XP level 4. HP: 23/26 MP: 4/4
   853 | D:2      | Found a shimmering altar of Xom.
   970 | D:2      | Found a bloodstained altar of Trog.
  1883 | D:3      | Reached XP level 5. HP: 30/30 MP: 5/5
  2203 | D:3      | Noticed Natasha
  2210 | D:3      | Killed Natasha
  2210 | D:3      | Reached skill level 5 in Stealth
  2276 | D:3      | Noticed Natasha
  2278 | D:3      | Killed Natasha
  2544 | D:3      | Noticed Natasha
  2544 | D:3      | Killed Natasha
  2639 | D:3      | Reached XP level 6. HP: 35/35 MP: 6/6
  3113 | D:4      | Reached skill level 6 in Stealth
  3135 | D:4      | Reached skill level 5 in Short Blades
  3499 | D:4      | Reached XP level 7. HP: 40/40 MP: 7/7
  4033 | D:5      | Entered Level 5 of the Dungeon
  4055 | D:5      | Reached skill level 7 in Stealth
  4186 | D:5      | Found a bloodstained altar of Trog.
  4331 | D:5      | Found a glowing drain.
  4335 | Sewer    | Entered a sewer
  4350 | Sewer    | Reached skill level 8 in Stealth
  4416 | Sewer    | Reached XP level 8. HP: 30/44 MP: 8/8
  5218 | D:5      | Splashed by a jelly's acid

Vault maps used:
D:1:      wheals_arrival_shading
D:2:      minitemple, bloody_trog
D:3:      uniq_natasha
D:5:      kennysheep_mini, lemuel_coloured_pillars_altar, gup_sewer_entry_bowl,
          first_bread, st_stairs_2, grunt_decor_resistance,
          minmay_misc_feat_encased
Sewer:    sewer_the_crocodile

Action                   |  1- 3 |  4- 6 |  7- 9 || total
-------------------------+-------+-------+-------++-------
Melee: Dagger            |    38 |    74 |    32 ||   144
       Short sword       |       |       |    65 ||    65
       Hand axe          |       |       |     8 ||     8
 Fire: Hand crossbow     |    20 |    68 |    40 ||   128
       Blowgun           |       |       |     5 ||     5
Evoke: Wand              |       |       |     6 ||     6
  Use: Scroll            |       |     5 |       ||     5
 Stab: Sleeping          |     1 |     6 |     8 ||    15
  Eat: Chunk             |     2 |    12 |     5 ||    19
